[ PARTIDA AOE2 · #456972992 ]
UnrankedGodos vs Mongols
[ ANÁLISIS DE REPETICIÓN · EXTRAÍDO DE LA PARTIDA GRABADA ]
Feudal
12:55
Castillos
17:25
Imperial
34:48
| APM promedio | 21.9 |
| APM pico | 46 |
| eAPM promedio | 13.8 |
| Aldeanos / militares | 179 / 279 |
Foco
⚔️ 29.7% · 🌾 70.3%
Huskarl ×138 · Spearman ×116 · Galley ×17 · Trade Cart ×14 · Fishing Ship ×12 · Demolition Raft ×4
Feudal
10:39
Castillos
16:15
Imperial
33:06
| APM promedio | 34.8 |
| APM pico | 89 |
| eAPM promedio | 21.8 |
| Aldeanos / militares | 132 / 195 |
Foco
⚔️ 33.8% · 🌾 66.2%
Militia ×92 · Mangudai ×39 · Spearman ×25 · Camel Scout ×17 · Steppe Lancer ×11 · Knight ×6
Feudal
12:57
Castillos
19:09
Imperial
30:15
| APM promedio | 19.9 |
| APM pico | 44 |
| eAPM promedio | 13.6 |
| Aldeanos / militares | 90 / 115 |
Foco
⚔️ 25.6% · 🌾 74.4%
Organ Gun ×89 · Bombard Cannon ×15 · Trebuchet (Packed) ×9 · Fishing Ship ×6 · Unknown (2626) ×5 · Fire Galley ×2
Feudal
12:22
Castillos
17:54
Imperial
33:44
| APM promedio | 31.5 |
| APM pico | 71 |
| eAPM promedio | 16.7 |
| Aldeanos / militares | 112 / 143 |
Foco
⚔️ 33.0% · 🌾 67.0%
Knight ×107 · Throwing Axeman ×25 · Monk ×4 · Fishing Ship ×4 · Spearman ×3 · Galley ×2
Feudal
13:44
Castillos
21:09
Imperial
—
| APM promedio | 10.6 |
| APM pico | 33 |
| eAPM promedio | 6.0 |
| Aldeanos / militares | 48 / 13 |
Foco
⚔️ 23.7% · 🌾 76.3%
Fishing Ship ×23 · Demolition Raft ×8 · Knight ×5
Feudal
10:27
Castillos
16:00
Imperial
33:19
| APM promedio | 26.9 |
| APM pico | 62 |
| eAPM promedio | 11.2 |
| Aldeanos / militares | 103 / 97 |
Foco
⚔️ 21.9% · 🌾 78.1%
Mameluke ×70 · Mangonel ×14 · Trebuchet (Packed) ×5 · Camel Scout ×2 · Battering Ram ×2 · Monk ×1
Mapa de la partida
Recursos iniciales + cada clic de construcción. Líneas = muros · curvas = relieve. ◆ oro · ⬟ piedra · ● bayas · ✦ reliquia · ◌ hueco del cierre
Tu base· ✓ Separados por el mapa
Base de qwka224· ✓ Separados por el mapa
Base de chrske· ✓ Separados por el mapa
Base de mutsami 38· ✓ Separados por el mapa
Base de skefre· ✓ Separados por el mapa
Base de commieturtle· ✓ Separados por el mapa
Terreno inicial suavizado · ◌ = hueco del cierre detectado · pasá el cursor para detalles
Inputs por minuto
— swiftarcher2 - - qwka224
Build order — swiftarcher2
Primeras 150 de 438 acciones detectadas
| 0:00 | Crear | Villager (Male) |
| 0:01 | Crear | Villager (Male) |
| 0:01 | Crear | Villager (Male) |
| 0:01 | Crear | Villager (Male) |
| 0:03 | Construir | House |
| 0:04 | Construir | House |
| 1:31 | Crear | Villager (Male) |
| 1:48 | Construir | Lumber Camp |
| 2:01 | Crear | Villager (Male) |
| 2:27 | Crear | Villager (Male) |
| 2:56 | Crear | Villager (Male) |
| 3:08 | Crear | Villager (Male) |
| 3:24 | Construir | House |
| 3:41 | Crear | Villager (Male) |
| 3:58 | Crear | Villager (Male) |
| 4:27 | Crear | Villager (Male) |
| 5:26 | Crear | Villager (Male) |
| 5:26 | Crear | Villager (Male) |
| 6:28 | Crear | Villager (Male) |
| 6:28 | Crear | Villager (Male) |
| 6:29 | Crear | Villager (Male) |
| 7:25 | Construir | Dock |
| 7:31 | Crear | Villager (Male) |
| 7:31 | Crear | Villager (Male) |
| 7:32 | Crear | Villager (Male) |
| 7:43 | Crear | Villager (Male) |
| 8:03 | Construir | House |
| 8:12 | Investigar | Loom |
| 8:24 | Construir | Mining Camp |
| 8:40 | Crear | Villager (Male) |
| 8:40 | Crear | Villager (Male) |
| 8:41 | Crear | Villager (Male) |
| 9:12 | Construir | Mill |
| 9:12 | Crear | Villager (Male) |
| 9:12 | Crear | Villager (Male) |
| 9:15 | Crear | Fishing Ship |
| 9:16 | Crear | Fishing Ship |
| 9:18 | Construir | House |
| 9:34 | Crear | Villager (Male) |
| 9:34 | Crear | Villager (Male) |
| 10:12 | Crear | Villager (Male) |
| 10:35 | Investigar | Feudal Age |
| 10:43 | Crear | Fishing Ship |
| 10:59 | Construir | House |
| 11:12 | Crear | Villager (Male) |
| 11:13 | Crear | Villager (Male) |
| 11:15 | Crear | Fishing Ship |
| 11:36 | Crear | Villager (Male) |
| 11:43 | Crear | Villager (Male) |
| 11:45 | Crear | Fishing Ship |
| 12:04 | Crear | Villager (Male) |
| 12:05 | Crear | Fishing Ship |
| 12:11 | Construir | House |
| 12:55 | Edad | Edad Feudal |
| 12:59 | Crear | Demolition Raft |
| 13:16 | Crear | Demolition Raft |
| 13:31 | Crear | Demolition Raft |
| 13:39 | Crear | Demolition Raft |
| 13:52 | Crear | Fishing Ship |
| 13:53 | Crear | Fishing Ship |
| 13:54 | Crear | Fishing Ship |
| 13:57 | Crear | Villager (Male) |
| 14:11 | Construir | Market |
| 14:25 | Construir | Blacksmith |
| 14:45 | Investigar | Castle Age |
| 14:59 | Construir | Lumber Camp |
| 15:22 | Crear | Fire Galley |
| 15:26 | Crear | Villager (Male) |
| 15:27 | Crear | Villager (Male) |
| 15:27 | Crear | Villager (Male) |
| 15:49 | Construir | Mining Camp |
| 16:01 | Construir | House |
| 16:31 | Crear | Galley |
| 16:32 | Crear | Galley |
| 16:34 | Crear | Villager (Male) |
| 16:35 | Crear | Villager (Male) |
| 17:15 | Construir | Lumber Camp |
| 17:24 | Construir | Lumber Camp |
| 17:25 | Edad | Edad de los Castillos |
| 17:27 | Crear | Villager (Male) |
| 17:36 | Investigar | Forging |
| 17:38 | Investigar | Scale Mail Armor |
| 17:55 | Construir | Town Center |
| 18:02 | Investigar | Double-Bit Axe |
| 18:03 | Crear | Villager (Male) |
| 18:03 | Crear | Villager (Male) |
| 18:24 | Crear | Villager (Male) |
| 18:24 | Crear | Villager (Male) |
| 18:36 | Crear | Villager (Male) |
| 18:40 | Construir | House |
| 18:53 | Investigar | Wheelbarrow |
| 19:05 | Construir | Town Center |
| 19:10 | Crear | Fishing Ship |
| 19:14 | Investigar | Tech 906 |
| 19:16 | Crear | Villager (Male) |
| 19:18 | Crear | Villager (Male) |
| 19:20 | Crear | Villager (Male) |
| 19:21 | Crear | Villager (Male) |
| 19:27 | Crear | Villager (Male) |
| 20:01 | Crear | Transport Ship |
| 20:04 | Investigar | Gillnets |
| 20:16 | Crear | Villager (Male) |
| 20:21 | Construir | Farm |
| 20:22 | Construir | Farm |
| 20:42 | Crear | Villager (Male) |
| 20:43 | Crear | Villager (Male) |
| 20:52 | Crear | Trade Cart ×2 |
| 21:07 | Crear | Villager (Male) |
| 21:11 | Construir | Farm |
| 21:16 | Construir | Farm |
| 21:18 | Crear | Villager (Male) |
| 21:36 | Construir | Town Center |
| 21:37 | Crear | Villager (Male) |
| 21:48 | Crear | Fishing Ship |
| 21:48 | Crear | Fishing Ship |
| 22:06 | Crear | Villager (Male) |
| 22:12 | Construir | House |
| 22:13 | Construir | House |
| 22:15 | Crear | Villager (Male) |
| 22:19 | Construir | House |
| 22:35 | Crear | Villager (Male) |
| 22:36 | Crear | Villager (Male) |
| 22:50 | Crear | Villager (Male) |
| 23:06 | Construir | Farm |
| 23:11 | Construir | Farm |
| 23:14 | Construir | Farm |
| 23:14 | Crear | Villager (Male) |
| 23:14 | Crear | Villager (Male) |
| 23:15 | Crear | Villager (Male) |
| 23:30 | Crear | Villager (Male) |
| 23:36 | Crear | Trade Cart ×5 |
| 23:44 | Construir | Town Center |
| 23:45 | Crear | Villager (Male) |
| 23:48 | Construir | Farm |
| 23:50 | Construir | Farm |
| 23:51 | Crear | Villager (Male) |
| 24:11 | Crear | Villager (Male) |
| 24:12 | Crear | Villager (Male) |
| 24:17 | Construir | Farm |
| 24:24 | Crear | Villager (Male) |
| 24:33 | Crear | Villager (Male) |
| 24:39 | Construir | Farm |
| 24:40 | Construir | Farm |
| 24:41 | Construir | Farm |
| 24:42 | Crear | Villager (Male) |
| 24:43 | Crear | Villager (Male) |
| 24:58 | Investigar | War Galley (upgrade) |
| 24:59 | Crear | Villager (Male) |
| 24:59 | Crear | Villager (Male) |
| 25:00 | Crear | Villager (Male) |
Build order — qwka224
Primeras 150 de 481 acciones detectadas
| 0:04 | Crear | Villager (Male) |
| 0:04 | Crear | Villager (Male) |
| 0:04 | Crear | Villager (Male) |
| 0:04 | Crear | Villager (Male) |
| 0:05 | Construir | House |
| 0:07 | Construir | House |
| 1:27 | Crear | Villager (Male) |
| 2:06 | Crear | Villager (Male) |
| 2:21 | Crear | Villager (Male) |
| 2:54 | Crear | Villager (Male) |
| 3:35 | Crear | Villager (Male) |
| 3:35 | Crear | Villager (Male) |
| 4:01 | Crear | Villager (Male) |
| 4:05 | Construir | House |
| 4:15 | Crear | Villager (Male) |
| 4:20 | Crear | Villager (Male) |
| 4:20 | Crear | Villager (Male) |
| 5:03 | Crear | Villager (Male) |
| 5:12 | Construir | Lumber Camp |
| 5:26 | Crear | Villager (Male) |
| 5:55 | Construir | House |
| 6:38 | Construir | Mill |
| 6:54 | Crear | Villager (Male) |
| 6:54 | Crear | Villager (Male) |
| 7:27 | Crear | Villager (Male) |
| 8:29 | Investigar | Feudal Age |
| 8:29 | Investigar | Feudal Age |
| 10:16 | Crear | Villager (Male) |
| 10:17 | Crear | Villager (Male) |
| 10:39 | Edad | Edad Feudal |
| 10:41 | Crear | Villager (Male) |
| 10:59 | Construir | Blacksmith |
| 11:03 | Construir | Market |
| 11:07 | Investigar | Horse Collar |
| 11:10 | Crear | Villager (Male) |
| 11:10 | Crear | Villager (Male) |
| 11:18 | Construir | Mining Camp |
| 11:33 | Construir | House |
| 11:45 | Construir | Palisade Gate |
| 11:48 | Construir | Palisade Wall |
| 11:55 | Construir | Farm |
| 11:56 | Construir | Farm |
| 11:57 | Construir | Farm |
| 12:28 | Construir | Farm |
| 12:34 | Crear | Villager (Male) |
| 12:49 | Construir | House |
| 13:08 | Crear | Villager (Male) |
| 13:09 | Crear | Villager (Male) |
| 13:24 | Construir | Farm |
| 13:35 | Investigar | Castle Age |
| 13:41 | Construir | Palisade Wall |
| 14:10 | Construir | Farm |
| 14:11 | Construir | Farm |
| 15:25 | Construir | House |
| 15:30 | Construir | Palisade Gate |
| 16:15 | Edad | Edad de los Castillos |
| 16:31 | Construir | Town Center |
| 16:35 | Crear | Villager (Male) |
| 16:35 | Crear | Villager (Male) |
| 16:35 | Crear | Villager (Male) |
| 16:52 | Construir | Town Center |
| 16:58 | Crear | Villager (Male) |
| 16:59 | Crear | Villager (Male) |
| 17:02 | Construir | House |
| 17:05 | Construir | House |
| 17:10 | Construir | Palisade Wall |
| 17:48 | Construir | Mining Camp |
| 17:57 | Crear | Villager (Male) |
| 18:00 | Investigar | Double-Bit Axe |
| 18:00 | Investigar | Double-Bit Axe |
| 18:16 | Construir | Farm |
| 18:25 | Construir | Farm |
| 18:38 | Crear | Villager (Male) |
| 18:38 | Crear | Villager (Male) |
| 18:39 | Crear | Villager (Male) |
| 18:42 | Crear | Villager (Male) |
| 18:42 | Crear | Villager (Male) |
| 18:51 | Crear | Villager (Male) |
| 18:52 | Crear | Villager (Male) |
| 18:53 | Crear | Villager (Male) |
| 18:54 | Crear | Villager (Male) |
| 19:37 | Crear | Villager (Male) |
| 19:38 | Crear | Villager (Male) |
| 19:39 | Crear | Villager (Male) |
| 19:40 | Crear | Villager (Male) |
| 19:43 | Construir | Farm |
| 19:45 | Construir | Farm |
| 19:48 | Construir | Farm |
| 19:54 | Investigar | Heavy Plow |
| 20:00 | Construir | Farm |
| 20:02 | Construir | Farm |
| 20:10 | Crear | Villager (Male) |
| 20:10 | Crear | Villager (Male) |
| 20:22 | Construir | Farm |
| 20:24 | Crear | Villager (Male) |
| 20:34 | Construir | Farm |
| 20:39 | Investigar | Stone Mining |
| 21:11 | Construir | Barracks |
| 21:14 | Crear | Villager (Male) |
| 21:25 | Investigar | Wheelbarrow |
| 21:33 | Crear | Villager (Male) |
| 21:36 | Crear | Villager (Male) |
| 21:38 | Crear | Villager (Male) |
| 21:44 | Construir | Farm |
| 21:46 | Construir | Farm |
| 21:51 | Construir | Farm |
| 21:54 | Construir | Farm |
| 22:04 | Crear | Villager (Male) |
| 22:08 | Crear | Villager (Male) |
| 22:08 | Crear | Villager (Male) |
| 22:16 | Construir | Farm |
| 22:21 | Crear | Villager (Male) |
| 22:25 | Construir | Farm |
| 22:42 | Construir | Stone Wall |
| 22:45 | Crear | Spearman |
| 22:45 | Crear | Spearman |
| 22:46 | Crear | Spearman |
| 22:46 | Crear | Spearman |
| 22:46 | Crear | Spearman |
| 23:04 | Crear | Villager (Male) |
| 23:05 | Crear | Villager (Male) |
| 23:06 | Crear | Villager (Male) |
| 23:07 | Crear | Villager (Male) |
| 23:11 | Construir | House |
| 23:12 | Construir | House |
| 23:37 | Construir | Gate |
| 23:47 | Construir | House |
| 23:48 | Construir | House |
| 23:51 | Construir | Farm |
| 23:55 | Crear | Villager (Male) |
| 23:55 | Crear | Villager (Male) |
| 23:56 | Crear | Villager (Male) |
| 23:57 | Crear | Villager (Male) |
| 24:04 | Construir | Farm |
| 24:09 | Crear | Spearman |
| 24:09 | Crear | Spearman |
| 24:15 | Construir | Stable |
| 24:30 | Construir | Castle |
| 24:55 | Construir | House |
| 24:56 | Construir | House |
| 25:02 | Crear | Spearman |
| 25:03 | Crear | Spearman |
| 25:03 | Crear | Spearman |
| 25:14 | Construir | Barracks |
| 25:20 | Crear | Spearman |
| 25:21 | Crear | Spearman |
| 25:36 | Crear | Villager (Male) |
| 25:36 | Crear | Villager (Male) |
| 25:37 | Crear | Villager (Male) |
| 25:38 | Crear | Villager (Male) |
Build order — chrske
Primeras 150 de 256 acciones detectadas
| 0:01 | Crear | Villager (Male) |
| 0:01 | Crear | Villager (Male) |
| 0:01 | Crear | Villager (Male) |
| 0:03 | Construir | House |
| 0:09 | Construir | House |
| 0:44 | Crear | Villager (Male) |
| 1:39 | Construir | Palisade Wall |
| 1:47 | Crear | Villager (Male) |
| 2:18 | Crear | Villager (Male) |
| 2:37 | Investigar | Loom |
| 2:43 | Construir | House |
| 2:57 | Crear | Villager (Male) |
| 3:41 | Crear | Villager (Male) |
| 3:56 | Construir | House |
| 4:04 | Crear | Villager (Male) |
| 4:04 | Crear | Villager (Male) |
| 4:12 | Construir | House |
| 4:14 | Construir | House |
| 4:27 | Crear | Villager (Male) |
| 4:28 | Crear | Villager (Male) |
| 4:29 | Crear | Villager (Male) |
| 4:53 | Construir | House |
| 5:08 | Crear | Villager (Male) |
| 5:08 | Crear | Villager (Male) |
| 5:49 | Construir | Lumber Camp |
| 5:59 | Crear | Villager (Male) |
| 5:59 | Crear | Villager (Male) |
| 6:34 | Construir | House |
| 6:43 | Construir | Palisade Wall |
| 6:46 | Construir | Palisade Wall |
| 7:00 | Crear | Villager (Male) |
| 7:43 | Construir | Dock |
| 7:59 | Crear | Villager (Male) |
| 7:59 | Crear | Villager (Male) |
| 7:59 | Crear | Villager (Male) |
| 8:00 | Crear | Villager (Male) |
| 8:20 | Construir | Mill |
| 8:41 | Crear | Fishing Ship |
| 9:05 | Construir | House |
| 9:11 | Crear | Fishing Ship |
| 9:41 | Crear | Fishing Ship |
| 9:43 | Crear | Villager (Male) |
| 10:20 | Construir | Mining Camp |
| 10:21 | Crear | Villager (Male) |
| 10:47 | Investigar | Feudal Age |
| 10:54 | Crear | Fishing Ship |
| 11:12 | Construir | Dock |
| 11:36 | Crear | Fishing Ship |
| 12:06 | Construir | Mining Camp |
| 12:21 | Crear | Fishing Ship |
| 12:24 | Crear | Villager (Male) |
| 12:25 | Crear | Villager (Male) |
| 12:57 | Edad | Edad Feudal |
| 13:00 | Investigar | Double-Bit Axe |
| 13:05 | Crear | Unit 2626 |
| 13:07 | Crear | Unit 2626 |
| 13:20 | Construir | Stone Wall |
| 13:26 | Construir | Stone Wall |
| 13:27 | Construir | Stone Wall |
| 13:35 | Crear | Unit 2626 |
| 13:57 | Crear | Unit 2626 |
| 14:16 | Crear | Villager (Male) |
| 14:16 | Crear | Villager (Male) |
| 14:16 | Crear | Villager (Male) |
| 14:30 | Crear | Unit 2626 |
| 14:53 | Investigar | Stone Mining |
| 15:15 | Construir | House |
| 15:15 | Construir | House |
| 15:30 | Construir | Market |
| 15:57 | Crear | Villager (Male) |
| 16:09 | Construir | Blacksmith |
| 16:29 | Investigar | Castle Age |
| 16:58 | Crear | Villager (Male) |
| 16:58 | Crear | Villager (Male) |
| 17:29 | Investigar | Horse Collar |
| 18:07 | Construir | Dock |
| 18:17 | Crear | Fire Galley |
| 18:17 | Crear | Fire Galley |
| 18:41 | Construir | Mining Camp |
| 19:03 | Crear | Villager (Male) |
| 19:03 | Crear | Villager (Male) |
| 19:09 | Edad | Edad de los Castillos |
| 19:13 | Construir | Castle |
| 19:23 | Construir | Town Center |
| 19:37 | Investigar | Bow Saw |
| 19:56 | Investigar | Heavy Plow |
| 20:17 | Crear | Villager (Male) |
| 20:18 | Crear | Villager (Male) |
| 20:40 | Construir | Farm |
| 20:45 | Construir | Farm |
| 20:48 | Construir | Farm |
| 20:52 | Construir | Farm |
| 20:56 | Construir | Farm |
| 20:57 | Crear | Villager (Male) |
| 21:25 | Construir | Mining Camp |
| 21:33 | Crear | Villager (Male) |
| 21:46 | Investigar | Gold Mining |
| 21:53 | Crear | Villager (Male) |
| 21:57 | Construir | Farm |
| 22:02 | Construir | Farm |
| 22:04 | Crear | Villager (Male) |
| 22:04 | Crear | Villager (Male) |
| 22:17 | Construir | Farm |
| 22:48 | Crear | Villager (Male) |
| 22:48 | Crear | Villager (Male) |
| 22:48 | Crear | Villager (Male) |
| 22:49 | Crear | Villager (Male) |
| 22:54 | Construir | Town Center |
| 23:09 | Crear | Villager (Male) |
| 23:09 | Crear | Villager (Male) |
| 23:12 | Construir | Farm |
| 23:17 | Construir | Farm |
| 23:21 | Construir | Farm |
| 23:24 | Construir | Farm |
| 23:28 | Construir | Farm |
| 23:30 | Crear | Villager (Male) |
| 23:30 | Crear | Villager (Male) |
| 23:50 | Crear | Villager (Male) |
| 23:51 | Crear | Villager (Male) |
| 23:57 | Construir | Farm |
| 24:09 | Construir | Farm |
| 24:15 | Crear | Villager (Male) |
| 24:16 | Crear | Villager (Male) |
| 24:16 | Crear | Villager (Male) |
| 24:20 | Construir | Farm |
| 24:37 | Construir | Dock |
| 24:45 | Crear | Villager (Male) |
| 24:45 | Crear | Villager (Male) |
| 24:45 | Crear | Villager (Male) |
| 24:51 | Construir | Farm |
| 24:57 | Construir | Farm |
| 25:01 | Construir | Farm |
| 25:06 | Construir | Farm |
| 25:07 | Crear | Villager (Male) |
| 25:07 | Crear | Villager (Male) |
| 25:08 | Crear | Villager (Male) |
| 25:10 | Crear | Villager (Male) |
| 25:10 | Crear | Villager (Male) |
| 25:16 | Construir | Farm |
| 25:21 | Construir | Farm |
| 25:31 | Construir | House |
| 25:32 | Construir | House |
| 25:32 | Construir | House |
| 25:33 | Construir | House |
| 25:39 | Construir | House |
| 25:39 | Construir | House |
| 25:40 | Construir | House |
| 25:41 | Crear | Villager (Male) |
| 25:41 | Crear | Villager (Male) |
| 25:41 | Crear | Villager (Male) |
Build order — mutsami 38
Primeras 150 de 406 acciones detectadas
| 0:02 | Crear | Villager (Male) |
| 0:02 | Crear | Villager (Male) |
| 0:02 | Crear | Villager (Male) |
| 0:04 | Construir | House |
| 0:05 | Construir | House |
| 0:09 | Crear | Villager (Male) |
| 1:30 | Crear | Villager (Male) |
| 1:47 | Construir | Lumber Camp |
| 2:09 | Crear | Villager (Male) |
| 2:30 | Crear | Villager (Male) |
| 2:56 | Crear | Villager (Male) |
| 3:19 | Construir | House |
| 3:26 | Crear | Villager (Male) |
| 3:50 | Crear | Villager (Male) |
| 4:15 | Crear | Villager (Male) |
| 4:42 | Crear | Villager (Male) |
| 5:25 | Crear | Villager (Male) |
| 5:25 | Crear | Villager (Male) |
| 6:22 | Crear | Villager (Male) |
| 6:30 | Construir | House |
| 7:22 | Crear | Villager (Male) |
| 7:23 | Crear | Villager (Male) |
| 7:53 | Crear | Villager (Male) |
| 8:28 | Crear | Villager (Male) |
| 8:45 | Construir | Mill |
| 8:57 | Construir | Dock |
| 9:12 | Crear | Villager (Male) |
| 9:13 | Crear | Villager (Male) |
| 9:33 | Construir | Farm |
| 9:40 | Investigar | Loom |
| 10:04 | Construir | House |
| 10:07 | Construir | House |
| 10:12 | Investigar | Feudal Age |
| 10:28 | Construir | Mining Camp |
| 10:31 | Crear | Fishing Ship |
| 10:33 | Crear | Fishing Ship |
| 10:57 | Construir | Dock |
| 11:01 | Crear | Villager (Male) |
| 11:18 | Crear | Fishing Ship |
| 11:37 | Construir | Barracks |
| 11:40 | Construir | House |
| 11:49 | Crear | Villager (Male) |
| 12:18 | Crear | Fishing Ship |
| 12:22 | Edad | Edad Feudal |
| 12:48 | Investigar | Double-Bit Axe |
| 12:57 | Crear | Villager (Male) |
| 13:13 | Construir | Stone Wall |
| 13:22 | Construir | Stone Wall |
| 13:37 | Construir | Market |
| 14:30 | Construir | Blacksmith |
| 14:49 | Crear | Villager (Male) |
| 15:14 | Investigar | Castle Age |
| 15:17 | Construir | Farm |
| 15:18 | Construir | Farm |
| 15:19 | Construir | Farm |
| 15:44 | Crear | Galley |
| 16:02 | Crear | Galley |
| 17:20 | Crear | Villager (Male) |
| 17:54 | Edad | Edad de los Castillos |
| 17:56 | Crear | Villager (Male) |
| 17:56 | Crear | Villager (Male) |
| 18:00 | Construir | Town Center |
| 18:14 | Construir | Town Center |
| 18:19 | Investigar | Bow Saw |
| 19:16 | Crear | Villager (Male) |
| 19:16 | Crear | Villager (Male) |
| 19:47 | Crear | Villager (Male) |
| 19:54 | Construir | Farm |
| 20:06 | Crear | Villager (Male) |
| 20:09 | Crear | Villager (Male) |
| 20:14 | Construir | Farm |
| 20:16 | Construir | Farm |
| 20:19 | Construir | Farm |
| 20:24 | Crear | Villager (Male) |
| 20:29 | Construir | Farm |
| 20:30 | Construir | Farm |
| 20:40 | Construir | Farm |
| 20:48 | Crear | Villager (Male) |
| 20:48 | Crear | Villager (Male) |
| 20:54 | Construir | Farm |
| 20:57 | Construir | Farm |
| 21:09 | Crear | Villager (Male) |
| 21:09 | Crear | Villager (Male) |
| 21:41 | Crear | Villager (Male) |
| 21:42 | Crear | Villager (Male) |
| 21:45 | Construir | Farm |
| 21:52 | Construir | Farm |
| 21:52 | Construir | Farm |
| 21:58 | Crear | Villager (Male) |
| 22:00 | Construir | Farm |
| 22:08 | Crear | Villager (Male) |
| 22:16 | Construir | Farm |
| 22:18 | Construir | Farm |
| 22:21 | Crear | Villager (Male) |
| 22:23 | Crear | Villager (Male) |
| 22:23 | Crear | Villager (Male) |
| 22:24 | Crear | Villager (Male) |
| 22:51 | Construir | Farm |
| 22:54 | Crear | Villager (Male) |
| 22:54 | Crear | Villager (Male) |
| 23:02 | Investigar | Wheelbarrow |
| 23:09 | Construir | House |
| 23:11 | Construir | House |
| 23:24 | Crear | Villager (Male) |
| 23:24 | Crear | Villager (Male) |
| 23:24 | Crear | Villager (Male) |
| 23:50 | Construir | House |
| 23:57 | Crear | Villager (Male) |
| 23:57 | Crear | Villager (Male) |
| 23:58 | Crear | Villager (Male) |
| 24:03 | Construir | Farm |
| 24:07 | Construir | House |
| 24:09 | Construir | House |
| 24:09 | Construir | House |
| 24:13 | Crear | Villager (Male) |
| 24:14 | Crear | Villager (Male) |
| 24:23 | Construir | Monastery |
| 24:27 | Crear | Villager (Male) |
| 24:32 | Construir | Farm |
| 24:50 | Crear | Villager (Male) |
| 24:50 | Crear | Villager (Male) |
| 24:53 | Construir | Farm |
| 24:56 | Construir | Farm |
| 24:57 | Construir | Farm |
| 24:58 | Construir | Farm |
| 24:59 | Construir | Farm |
| 25:07 | Construir | Castle |
| 25:11 | Crear | Villager (Male) |
| 25:14 | Investigar | Town Watch |
| 25:29 | Construir | Barracks |
| 25:32 | Construir | House |
| 25:37 | Crear | Monk |
| 25:41 | Crear | Monk |
| 25:43 | Crear | Villager (Male) |
| 25:43 | Crear | Villager (Male) |
| 25:45 | Crear | Villager (Male) |
| 25:45 | Crear | Villager (Male) |
| 25:46 | Crear | Villager (Male) |
| 25:46 | Crear | Villager (Male) |
| 25:49 | Construir | Farm |
| 25:51 | Construir | Farm |
| 25:56 | Construir | Farm |
| 25:59 | Crear | Villager (Male) |
| 26:03 | Crear | Villager (Male) |
| 26:10 | Crear | Villager (Male) |
| 26:11 | Crear | Villager (Male) |
| 26:12 | Crear | Villager (Male) |
| 26:47 | Crear | Throwing Axeman |
| 26:47 | Crear | Throwing Axeman |
| 27:02 | Crear | Throwing Axeman |
Build order — skefre
141 acciones detectadas en el replay
| 0:02 | Crear | Villager (Male) |
| 0:02 | Crear | Villager (Male) |
| 0:02 | Crear | Villager (Male) |
| 0:02 | Crear | Villager (Male) |
| 0:07 | Construir | House |
| 0:29 | Construir | House |
| 1:34 | Crear | Villager (Male) |
| 1:34 | Crear | Villager (Male) |
| 1:50 | Crear | Villager (Male) |
| 2:21 | Crear | Villager (Male) |
| 2:51 | Crear | Villager (Male) |
| 2:57 | Crear | Villager (Male) |
| 3:05 | Construir | Lumber Camp |
| 3:35 | Construir | Palisade Wall |
| 3:51 | Construir | House |
| 3:54 | Crear | Villager (Male) |
| 3:54 | Crear | Villager (Male) |
| 4:27 | Crear | Villager (Male) |
| 4:27 | Crear | Villager (Male) |
| 5:50 | Construir | House |
| 5:54 | Crear | Villager (Male) |
| 5:54 | Crear | Villager (Male) |
| 5:55 | Crear | Villager (Male) |
| 6:42 | Construir | House |
| 6:55 | Crear | Villager (Male) |
| 7:17 | Construir | Dock |
| 7:25 | Construir | House |
| 8:00 | Construir | House |
| 8:07 | Crear | Villager (Male) |
| 8:07 | Crear | Villager (Male) |
| 8:07 | Crear | Villager (Male) |
| 8:08 | Crear | Villager (Male) |
| 8:08 | Crear | Villager (Male) |
| 8:15 | Construir | Mill |
| 8:52 | Crear | Fishing Ship |
| 8:52 | Crear | Fishing Ship |
| 9:03 | Construir | Palisade Wall |
| 9:15 | Crear | Fishing Ship |
| 9:43 | Crear | Fishing Ship |
| 9:50 | Construir | Palisade Wall |
| 10:06 | Construir | Mining Camp |
| 10:19 | Crear | Villager (Male) |
| 10:19 | Crear | Villager (Male) |
| 10:20 | Crear | Villager (Male) |
| 10:27 | Crear | Fishing Ship |
| 10:31 | Crear | Fishing Ship |
| 11:25 | Investigar | Feudal Age |
| 11:55 | Construir | Lumber Camp |
| 12:02 | Crear | Fishing Ship |
| 12:04 | Crear | Fishing Ship |
| 12:26 | Crear | Fishing Ship |
| 12:38 | Crear | Fishing Ship |
| 13:10 | Construir | Dock |
| 13:14 | Crear | Fishing Ship |
| 13:21 | Construir | House |
| 13:23 | Construir | House |
| 13:35 | Crear | Villager (Male) |
| 13:36 | Crear | Villager (Male) |
| 13:36 | Crear | Villager (Male) |
| 13:37 | Crear | Villager (Male) |
| 13:37 | Crear | Villager (Male) |
| 13:38 | Crear | Villager (Male) |
| 13:38 | Crear | Villager (Male) |
| 13:38 | Crear | Villager (Male) |
| 13:44 | Edad | Edad Feudal |
| 14:06 | Investigar | Tech 906 |
| 14:12 | Crear | Demolition Raft |
| 14:13 | Crear | Demolition Raft |
| 14:13 | Crear | Demolition Raft |
| 14:32 | Construir | Watch Tower |
| 14:39 | Construir | Farm |
| 14:45 | Investigar | Double-Bit Axe |
| 14:51 | Investigar | Wheelbarrow |
| 14:52 | Crear | Villager (Male) |
| 14:53 | Crear | Villager (Male) |
| 14:53 | Crear | Villager (Male) |
| 14:53 | Crear | Villager (Male) |
| 15:17 | Crear | Villager (Male) |
| 15:25 | Construir | House |
| 15:29 | Construir | House |
| 15:30 | Construir | House |
| 15:33 | Construir | House |
| 15:41 | Crear | Villager (Male) |
| 15:42 | Crear | Villager (Male) |
| 15:58 | Crear | Demolition Raft |
| 16:11 | Crear | Fishing Ship |
| 16:12 | Crear | Fishing Ship |
| 16:12 | Crear | Fishing Ship |
| 16:13 | Crear | Fishing Ship |
| 16:13 | Crear | Fishing Ship |
| 16:17 | Crear | Demolition Raft |
| 16:24 | Crear | Fishing Ship |
| 16:24 | Crear | Fishing Ship |
| 16:36 | Crear | Demolition Raft |
| 16:37 | Crear | Demolition Raft |
| 16:52 | Construir | Stone Wall |
| 17:01 | Crear | Fishing Ship |
| 17:01 | Crear | Fishing Ship |
| 17:02 | Crear | Fishing Ship |
| 17:25 | Construir | Blacksmith |
| 17:52 | Construir | Market |
| 17:57 | Crear | Demolition Raft |
| 18:15 | Crear | Fishing Ship |
| 18:16 | Crear | Fishing Ship |
| 18:23 | Investigar | Castle Age |
| 18:41 | Construir | Barracks |
| 19:09 | Construir | Stone Wall |
| 19:15 | Construir | Stone Wall |
| 19:33 | Construir | Stable |
| 19:39 | Investigar | Forging |
| 19:39 | Investigar | Scale Barding Armor |
| 20:17 | Construir | House |
| 20:18 | Construir | House |
| 20:19 | Construir | House |
| 20:20 | Construir | House |
| 20:21 | Construir | House |
| 20:22 | Construir | House |
| 21:02 | Construir | Farm |
| 21:09 | Edad | Edad de los Castillos |
| 21:12 | Investigar | Gillnets |
| 21:15 | Investigar | Hand Cart |
| 21:33 | Construir | Town Center |
| 21:39 | Investigar | Bow Saw |
| 21:42 | Investigar | Husbandry |
| 22:16 | Crear | Knight |
| 22:16 | Crear | Knight |
| 22:17 | Crear | Knight |
| 22:17 | Crear | Knight |
| 22:18 | Crear | Knight |
| 22:43 | Construir | Castle |
| 23:24 | Crear | Villager (Male) |
| 23:25 | Crear | Villager (Male) |
| 23:26 | Crear | Villager (Male) |
| 23:42 | Construir | Dock |
| 24:36 | Crear | Villager (Male) |
| 24:37 | Crear | Villager (Male) |
| 24:37 | Crear | Villager (Male) |
| 25:47 | Construir | Town Center |
| 26:17 | Investigar | Iron Casting |
| 26:18 | Investigar | Chain Barding Armor |
| 26:20 | Crear | Villager (Male) |
Build order — commieturtle
Primeras 150 de 253 acciones detectadas
| 0:02 | Construir | House |
| 0:04 | Construir | House |
| 0:04 | Crear | Villager (Male) ×4 |
| 1:40 | Crear | Villager (Male) |
| 1:48 | Construir | Lumber Camp |
| 2:31 | Crear | Villager (Male) |
| 2:31 | Crear | Villager (Male) |
| 3:04 | Crear | Villager (Male) |
| 3:17 | Crear | Villager (Male) |
| 3:25 | Construir | House |
| 3:26 | Construir | House |
| 4:10 | Crear | Villager (Male) |
| 4:11 | Crear | Villager (Male) |
| 5:18 | Crear | Villager (Male) |
| 5:40 | Crear | Villager (Male) |
| 5:40 | Crear | Villager (Male) |
| 5:46 | Construir | Mill |
| 5:56 | Crear | Villager (Male) |
| 7:02 | Crear | Villager (Male) |
| 7:02 | Crear | Villager (Male) |
| 7:33 | Construir | Mining Camp |
| 7:35 | Crear | Villager (Male) |
| 7:36 | Investigar | Loom |
| 7:54 | Investigar | Feudal Age |
| 10:09 | Construir | House |
| 10:10 | Construir | House |
| 10:27 | Edad | Edad Feudal |
| 10:31 | Investigar | Double-Bit Axe |
| 10:37 | Crear | Villager (Male) |
| 10:38 | Crear | Villager (Male) |
| 10:38 | Crear | Villager (Male) |
| 10:55 | Construir | Barracks |
| 11:24 | Construir | Market |
| 11:34 | Crear | Villager (Male) |
| 11:35 | Crear | Villager (Male) |
| 11:43 | Construir | Farm |
| 11:44 | Construir | Farm |
| 12:09 | Construir | Farm |
| 12:10 | Construir | Farm |
| 12:25 | Construir | Stable |
| 12:51 | Construir | Palisade Gate |
| 13:20 | Investigar | Castle Age |
| 14:00 | Investigar | Horse Collar |
| 15:14 | Investigar | Wheelbarrow |
| 15:44 | Crear | Villager (Male) |
| 16:00 | Edad | Edad de los Castillos |
| 16:03 | Construir | Town Center |
| 16:07 | Construir | Town Center |
| 16:25 | Crear | Villager (Male) |
| 17:36 | Investigar | Heavy Plow |
| 17:41 | Crear | Villager (Male) |
| 17:52 | Crear | Villager (Male) |
| 17:53 | Crear | Villager (Male) |
| 17:53 | Crear | Villager (Male) |
| 17:54 | Crear | Villager (Male) |
| 18:01 | Construir | Farm |
| 18:01 | Construir | Farm |
| 18:02 | Construir | Farm |
| 18:25 | Crear | Villager (Male) |
| 18:33 | Construir | Farm |
| 18:36 | Construir | Farm |
| 18:38 | Crear | Villager (Male) |
| 18:38 | Crear | Villager (Male) |
| 18:43 | Construir | Lumber Camp |
| 18:54 | Crear | Villager (Male) |
| 19:04 | Crear | Villager (Male) |
| 19:08 | Construir | Farm |
| 19:24 | Investigar | Stone Mining |
| 19:40 | Crear | Villager (Male) |
| 19:41 | Crear | Villager (Male) |
| 19:42 | Crear | Villager (Male) |
| 19:48 | Construir | Farm |
| 19:48 | Construir | Farm |
| 19:49 | Construir | Farm |
| 19:49 | Construir | Farm |
| 19:51 | Construir | Farm |
| 19:52 | Construir | Farm |
| 19:53 | Construir | Farm |
| 19:54 | Construir | Farm |
| 19:55 | Construir | Farm |
| 20:25 | Crear | Villager (Male) |
| 20:25 | Crear | Villager (Male) |
| 20:25 | Crear | Villager (Male) |
| 20:38 | Crear | Villager (Male) |
| 20:38 | Crear | Villager (Male) |
| 20:57 | Construir | House |
| 21:01 | Construir | House |
| 21:05 | Construir | House |
| 21:17 | Crear | Villager (Male) |
| 21:18 | Crear | Villager (Male) |
| 21:19 | Crear | Villager (Male) |
| 21:19 | Crear | Villager (Male) |
| 21:26 | Construir | House |
| 21:27 | Construir | House |
| 21:28 | Construir | House |
| 21:32 | Construir | Gate |
| 21:34 | Construir | House |
| 21:37 | Construir | House |
| 21:42 | Crear | Villager (Male) |
| 21:43 | Crear | Villager (Male) |
| 22:54 | Construir | Castle |
| 23:00 | Construir | House |
| 23:01 | Construir | House |
| 23:02 | Construir | House |
| 23:15 | Construir | Gate |
| 23:23 | Construir | Gate |
| 23:25 | Construir | House |
| 23:28 | Construir | House |
| 23:32 | Investigar | Hand Cart |
| 23:35 | Investigar | Gold Mining |
| 23:37 | Investigar | Bow Saw |
| 23:41 | Crear | Villager (Male) |
| 23:41 | Crear | Villager (Male) |
| 23:48 | Crear | Villager (Male) |
| 24:02 | Construir | Farm |
| 24:02 | Construir | Farm |
| 24:02 | Construir | Farm |
| 24:02 | Construir | Farm |
| 24:05 | Crear | Villager (Male) |
| 24:10 | Construir | Farm |
| 24:10 | Construir | Farm |
| 24:28 | Construir | Mining Camp |
| 24:30 | Crear | Villager (Male) |
| 24:34 | Crear | Villager (Male) |
| 24:35 | Crear | Villager (Male) |
| 24:36 | Crear | Villager (Male) |
| 24:44 | Crear | Villager (Male) |
| 25:03 | Crear | Camel Scout |
| 25:06 | Crear | Camel Scout |
| 25:10 | Construir | House |
| 25:15 | Construir | House |
| 25:18 | Investigar | Town Watch |
| 25:20 | Crear | Villager (Male) |
| 25:20 | Crear | Villager (Male) |
| 25:35 | Crear | Mameluke |
| 25:46 | Construir | Stone Wall |
| 25:52 | Crear | Villager (Male) |
| 25:52 | Crear | Villager (Male) |
| 25:57 | Crear | Mameluke ×2 |
| 26:10 | Construir | University |
| 26:14 | Construir | Blacksmith |
| 26:19 | Crear | Villager (Male) |
| 26:20 | Crear | Villager (Male) |
| 26:20 | Crear | Villager (Male) |
| 26:24 | Construir | House |
| 26:27 | Construir | House |
| 26:28 | Construir | House |
| 26:32 | Construir | House |
| 26:43 | Crear | Mameluke ×3 |
| 27:32 | Investigar | Forging |
Cronología de la partida
| 1:39 | chrske · wall_segment Palisade Wall x9 |
| 3:35 | skefre · wall_segment Palisade Wall x9 |
| 6:43 | chrske · wall_segment Palisade Wall x3 |
| 6:46 | chrske · wall_segment Palisade Wall x3 |
| 7:17 | skefre · first_building Dock |
| 7:25 | swiftarcher2 · first_building Dock |
| 7:43 | chrske · first_building Dock |
| 8:57 | mutsami 38 · first_building Dock |
| 9:03 | skefre · wall_segment Palisade Wall x1 |
| 9:50 | skefre · wall_segment Palisade Wall x1 |
| 10:27 | commieturtle · age_up feudal |
| 10:39 | qwka224 · age_up feudal |
| 10:55 | commieturtle · first_building Barracks |
| 11:37 | mutsami 38 · first_building Barracks |
| 11:48 | qwka224 · wall_segment Palisade Wall x1 |
| 12:22 | mutsami 38 · age_up feudal |
| 12:25 | commieturtle · first_building Stable |
| 12:55 | swiftarcher2 · age_up feudal |
| 12:57 | chrske · age_up feudal |
| 13:04 | commieturtle · first_market_buy 100 food |
| 13:11 | commieturtle · first_market_sell 100 wood |
| 13:13 | mutsami 38 · wall_segment Stone Wall x4 |
| 13:20 | chrske · wall_segment Stone Wall x8 |
| 13:22 | mutsami 38 · wall_segment Stone Wall x7 |
| 13:26 | chrske · wall_segment Stone Wall x13 |
| 13:27 | chrske · wall_segment Stone Wall x3 |
| 13:41 | qwka224 · wall_segment Palisade Wall x6 |
| 13:44 | skefre · age_up feudal |
| 14:55 | swiftarcher2 · first_market_buy 100 wood |
| 16:00 | commieturtle · age_up castle |
| 16:15 | qwka224 · age_up castle |
| 16:16 | qwka224 · first_market_buy 100 wood |
| 16:52 | skefre · wall_segment Stone Wall x5 |
| 17:10 | qwka224 · wall_segment Palisade Wall x1 |
| 17:25 | swiftarcher2 · age_up castle |
| 17:52 | mutsami 38 · first_market_buy 100 stone |
| 17:54 | mutsami 38 · age_up castle |
| 18:12 | chrske · first_market_sell 100 food |
| 18:12 | chrske · first_market_buy 100 wood |
| 18:41 | skefre · first_building Barracks |
| 19:09 | skefre · wall_segment Stone Wall x4 |
| 19:09 | chrske · age_up castle |
| 19:13 | chrske · first_building Castle |
| 19:15 | skefre · wall_segment Stone Wall x4 |
| 19:33 | skefre · first_building Stable |
| 20:02 | mutsami 38 · first_market_sell 100 wood |
| 21:09 | skefre · age_up castle |
| 21:11 | qwka224 · first_building Barracks |
| 22:42 | qwka224 · wall_segment Stone Wall x11 |
| 22:43 | skefre · first_building Castle |
| 22:54 | commieturtle · first_building Castle |
| 24:15 | qwka224 · first_building Stable |
| 24:23 | mutsami 38 · first_building Monastery |
| 24:30 | qwka224 · first_building Castle |
| 25:07 | mutsami 38 · first_building Castle |
| 25:46 | commieturtle · wall_segment Stone Wall x1 |
| 26:00 | swiftarcher2 · first_building Barracks |
| 26:16 | swiftarcher2 · first_building Castle |
| 28:07 | skefre · resign |
| 28:56 | commieturtle · first_building Siege Workshop |
| 29:16 | mutsami 38 · first_building Stable |
| 30:15 | chrske · age_up imperial |
| 30:59 | qwka224 · first_market_sell 100 wood |
| 31:22 | swiftarcher2 · first_market_sell 500 wood |
| 32:43 | commieturtle · first_building Monastery |
| 33:06 | qwka224 · age_up imperial |
| 33:19 | commieturtle · age_up imperial |
| 33:44 | mutsami 38 · age_up imperial |
| 34:48 | swiftarcher2 · age_up imperial |
| 36:45 | swiftarcher2 · tribute_sent a jugador 2 |
| 36:45 | swiftarcher2 · tribute_sent a jugador 3 |
| 36:45 | swiftarcher2 · tribute_sent a jugador 4 |
| 36:45 | swiftarcher2 · tribute_sent a jugador 5 |
| 36:45 | swiftarcher2 · tribute_sent a jugador 6 |
| 37:00 | chrske · tribute_sent a jugador 1 |
| 37:00 | chrske · tribute_sent a jugador 2 |
| 37:00 | chrske · tribute_sent a jugador 4 |
| 37:00 | chrske · tribute_sent a jugador 5 |
| 37:00 | chrske · tribute_sent a jugador 6 |
| 37:10 | qwka224 · wall_segment Stone Wall x9 |
| 37:53 | chrske · first_building Siege Workshop |
| 38:38 | qwka224 · first_building Siege Workshop |
| 40:27 | chrske · tribute_sent a jugador 1 |
| 40:27 | chrske · tribute_sent a jugador 2 |
| 40:27 | chrske · tribute_sent a jugador 4 |
| 40:27 | chrske · tribute_sent a jugador 5 |
| 40:27 | chrske · tribute_sent a jugador 6 |
| 42:03 | commieturtle · first_building Dock |
| 42:16 | mutsami 38 · first_building Archery Range |
| 48:12 | swiftarcher2 · tribute_sent a jugador 2 |
| 48:12 | swiftarcher2 · tribute_sent a jugador 3 |
| 48:12 | swiftarcher2 · tribute_sent a jugador 4 |
| 48:12 | swiftarcher2 · tribute_sent a jugador 5 |
| 48:12 | swiftarcher2 · tribute_sent a jugador 6 |
[ ANÁLISIS IA · 1 CRÉDITO ]
¿Qué pasó realmente en esta partida?
Wolo.gg analiza cada decisión: build order, eco, micro, errores típicos por bracket. Análisis personalizado por WhatsApp o Discord en 30 segundos.
Guía civ
Godos
Perfil
Jugador #8391813